 Dungeon Crawl Stone Soup version 0.21-a0-633-g4c047d5 (webtiles) character file.

255 tof the Cudgeler (level 6, -3/38 HPs)
             Began as a Gargoyle Monk on Dec 28, 2017.
             Slain by a gnoll
             ... wielding a +0 spear
              (5 damage)
             ... on level 4 of the Dungeon.
             The game lasted 00:06:51 (3461 turns).

tof the Cudgeler (Gargoyle Monk)                    Turns: 3461, Time: 00:06:51

Health: -3/38      AC:  7    Str: 15    XL:     6   Next: 15%
Magic:  6/6        EV: 10    Int: 10    God:
Gold:   108        SH:  8    Dex: 14    Spells: 4/5 levels left

rFire    . . .     SeeInvis .   a - +2 flail (drain)
rCold    + . .     Gourm    .   f - +0 shield
rNeg     + . .     Faith    .   j - +0 leather armour
rPois    ∞         Spirit   .   (no helmet)
rElec    +         Reflect  .   (no cloak)
rCorr    .         Harm     .   (no gloves)
MR       +....                  (no boots)
Stlth    ++........             q - amulet of magic regeneration
HPRegen  0.12/turn              e - ring of protection from cold
MPRegen  0.35/turn              b - ring of protection from magic

@: no status effects
A: negative energy resistance 1, electricity resistance, unbreathing,
petrification resistance, rot immunity, AC +4
a: no special abilities


You were on level 4 of the Dungeon.
You were not hungry.

You visited 1 branch of the dungeon, and saw 4 of its levels.

You collected 108 gold pieces.

Inventory:

Hand Weapons
 a - a +2 flail of draining (weapon)
 t - a +0 mace
Missiles
 g - 7 javelins (quivered)
 u - 2 tomahawks
Armour
 f - a +0 shield (worn)
 j - a +0 leather armour (worn)
 k - a +0 ring mail
Jewellery
 b - a ring of protection from magic (right hand)
 e - a ring of protection from cold (left hand)
 q - an amulet of magic regeneration (around neck)
Wands
 p - a wand of iceblast (11)
 r - a wand of flame (35)
Scrolls
 d - a scroll of immolation {unknown}
 h - a scroll of fog {unknown}
 m - 3 scrolls of teleportation {unknown}
 n - a scroll of remove curse {unknown}
 s - 2 scrolls of identify {unknown}
Potions
 i - 3 potions of curing {unknown}
 l - a potion of cancellation {unknown}
 o - a potion of degeneration {unknown}
 w - a potion of berserk rage {unknown}
Comestibles
 c - a ration
 v - 2 chunks of flesh


   Skills:
 + Level 4.2 Fighting
 * Level 4.6 Maces & Flails
 + Level 1.8 Throwing
 + Level 2.2 Armour
 - Level 2.5 Dodging
 - Level 2.3 Stealth
 * Level 2.0 Shields


You had 4 spell levels left.
You knew the following spells:

 Your Spells              Type           Power        Failure   Level  Hunger
a - Animate Skeleton      Necr           N/A          94%         1    ##.....


Dungeon Overview and Level Annotations

Branches:
Dungeon (4/15)
 Temple: D:4-7

Altars:
Kikubaaqudgha
Qazlal
Sif Muna
Vehumet


Innate Abilities, Weirdness & Mutations

You are resistant to torment.
Your stone body is resilient. (AC +4)
You are immune to poison.
You resist negative energy. (rN+)
You are resistant to electric shocks. (rElec)
You can survive without breathing.
You are immune to petrification.
You are immune to rotting.


Message History

The gnoll hits you from afar with a spear.
* * * LOW HITPOINT WARNING * * *
You hit the gnoll.
The gnoll is moderately wounded.
The gnoll hits you but does no damage.
The gnoll hits you from afar with a spear.
* * * LOW HITPOINT WARNING * * *
You hit the gnoll.
The gnoll is heavily wounded.
You block the gnoll's attack. The gnoll closely misses you.
You hit the gnoll.
The gnoll is almost dead.
You block the gnoll's attack. x2
You hit the gnoll but do no damage.
The gnoll is almost dead.
The gnoll hits you but does no damage.
The gnoll hits you from afar with a spear.
* * * LOW HITPOINT WARNING * * *
The gnoll hits you from afar with a spear.
You die...

###
#h.
#g#
#g#
#@#
#.#
#.#
#.#
#.#
#.###
#...#
#.#
###.#
..#
#.#
#.##.#


You could see a hound and 2 gnolls.

Vanquished Creatures
  The ghost of dxctxrx the Sneak, an amateur OpFE of Vehumet (D:4)
  Jessica (D:3)
  A worker ant (D:4)
  An adder (D:3)
  A gnoll (D:4)
  2 worms (D:2)
  2 dart slugs (D:1)
  3 leopard geckos
  5 orcs
  6 bats
  4 giant cockroaches
  4 goblins
  5 hobgoblins
  3 jackals (D:1)
  A quokka (D:4)
  A ball python (D:1)
  4 frilled lizards
  5 kobolds (D:1)
  6 rats
56 creatures vanquished.

Notes
Turn   | Place    | Note
-------+----------+-------------------------------------------
     0 | D:1      | tof the Gargoyle Monk began the quest for the Orb.
     0 | D:1      | Reached XP level 1. HP: 14/14 MP: 1/1
    49 | D:1      | Reached XP level 2. HP: 13/19 MP: 2/2
   915 | D:1      | Reached XP level 3. HP: 23/23 MP: 3/3
  1629 | D:2      | Found a radiant altar of Vehumet.
  1636 | D:2      | Found an ancient bone altar of Kikubaaqudgha.
  1637 | D:2      | Found a deep blue altar of Sif Muna.
  1642 | D:2      | Identified Kikubaaqudgha's Catalogue of Black Magic
  1646 | D:2      | Learned a level 1 spell: Animate Skeleton
  1724 | D:2      | Found a stormy altar of Qazlal.
  1726 | D:2      | Noticed a fire elemental
  1726 | D:2      | Noticed an air elemental
  1727 | D:2      | Noticed an earth elemental
  1727 | D:2      | Noticed a water elemental
  2028 | D:2      | Reached skill level 1 in Armour
  2265 | D:3      | Noticed Jessica
  2274 | D:3      | Killed Jessica
  2274 | D:3      | Reached skill level 1 in Throwing
  2274 | D:3      | Reached skill level 1 in Shields
  2274 | D:3      | Reached XP level 4. HP: 29/29 MP: 4/4
  2966 | D:4      | Noticed dxctxrx's ghost (amateur OpFE)
  2970 | D:4      | Reached XP level 5. HP: 31/33 MP: 5/5
  3110 | D:4      | Killed dxctxrx's ghost
  3110 | D:4      | Reached XP level 6. HP: 22/38 MP: 6/6
  3461 | D:4      | Slain by a gnoll

Vault maps used:
D:1:      sevenhm_arrival_forest_fort_small_4, minmay_pentomino_t2
D:2:      grunt_temple_overflow_magic_moments, nicolae_qazlal_style_of_elements
D:3:      uniq_jessica
D:4:      uniq_grinder

Skill      XL: |  1  2  3  4  5 |
---------------+----------------+-----
Armour         | 1 2 |  2.2
Throwing       | 1 |  1.8
Shields        | 1 2 |  2.0
Maces & Flails | 4 |  4.6
Fighting       | 4 |  4.2
Dodging        | |  2.5
Stealth        | |  2.3

Action                   |  1- 3 |  4- 6 || total
-------------------------+-------+-------++-------
Melee: Mace              |   135 |     7 ||   142
       Flail             |       |    44 ||    44
Throw: Javelin           |     8 |     3 ||    11
 Stab: Sleeping          |     4 |     3 ||     7
  Eat: Chunk             |     4 |     4 ||     8
Armor: Robe              |    40 |       ||    40
       Leather armour    |    18 |    13 ||    31
Dodge: Dodged            |   121 |    27 ||   148
Block: Shield            |       |    14 ||    14

Table legend:
 A = Spawn XP
 B = Non-spawn XP
 C = Spawn XP percentage of total XP
 D = Spawn monster count
 E = Non-spawn monster count
 F = Spawn count percentage of total count
 G = Total turns spent on level
                    A         B        C        D         E        F      G
               +---------+---------+-------+---------+---------+-------+---------
         Total |       0 |     365 |   0.0 |       0 |      56 |   0.0 |  3461
               +---------+---------+-------+---------+---------+-------+---------
           D:1 |       0 |      49 |   0.0 |       0 |      28 |   0.0 |  1315
           D:2 |       0 |      18 |   0.0 |       0 |       8 |   0.0 |   950
           D:3 |       0 |      72 |   0.0 |       0 |      12 |   0.0 |   752
           D:4 |       0 |     226 |   0.0 |       0 |       8 |   0.0 |   444
               +---------+---------+-------+---------+---------+-------+---------
